 Dungeon Crawl Stone Soup version 0.24-a0-232-g49d9ff8 (webtiles) character file.

Game seed: 2087604542808100232

1307 xeno23 the Covert (level 8, 0/51 HPs)
             Began as an Octopode Assassin on Apr 3, 2019.
             Slain by a killer bee zombie (3 damage)
             ... on level 7 of the Dungeon on Apr 4, 2019.
             The game lasted 00:20:40 (4811 turns).

xeno23 the Covert (Octopode Assassin)               Turns: 4811, Time: 00:20:40

Health: 0/51       AC:  1    Str: 16    XL:     8   Next: 57%
Magic:  8/8        EV: 15    Int: 13    God:
Gold:   234        SH:  5    Dex: 15    Spells: 7/7 levels left

rFire    . . .     SeeInvis .   a - +2 dagger
rCold    . . .     Gourm    +   b - +0 buckler
rNeg     . . .     Faith    .   (helmet restricted)
rPois    .         Spirit   .   E - amulet of the gourmand
rElec    .         Reflect  .   u - ring of wizardry
rCorr    .         Harm     .   y - ring of stealth
MR       .....     Clarity  +   d - +3 ring of strength
Stlth    ++++++....             (no ring)
HPRegen  0.17/turn              (no ring)
MPRegen  0.11/turn              (no ring)
                                (no ring)
                                (no ring)

@: very slightly contaminated, invisible
A: almost no armour, stealthy swim, amphibious, 8 rings, constrict 8, camouflage
1, clarity, strong 1, gelatinous body 1
a: no special abilities


You were on level 7 of the Dungeon.
You were very full.

You visited 1 branch of the dungeon, and saw 7 of its levels.

You collected 234 gold pieces.

Inventory:

Hand Weapons
 a - a +2 dagger (weapon)
 s - a +0 blowgun
Missiles
 c - 21 poisoned needles
 i - a throwing net (quivered)
Armour
 b - a +0 buckler (worn)
Jewellery
 d - a +3 ring of strength (on tentacle)
 u - a ring of wizardry (left tentacle)
 y - a ring of stealth (right tentacle)
 E - an amulet of the gourmand (around mantle)
Wands
 v - a wand of flame (17)
Scrolls
 e - 4 scrolls of remove curse
 g - 2 scrolls of amnesia {unknown}
 h - a scroll of random uselessness {unknown}
 j - 7 scrolls of teleportation {unknown}
 l - 2 scrolls of magic mapping {unknown}
 m - 4 scrolls of identify {unknown}
 r - a scroll of enchant armour {unknown}
 t - a scroll of noise {unknown}
 B - a scroll of fog {unknown}
 F - 3 scrolls of enchant weapon {unknown}
Potions
 k - 3 potions of mutation
 n - 2 potions of flight {unknown}
 o - a potion of degeneration {unknown}
 p - 2 potions of heal wounds {unknown}
 q - 3 potions of curing
 w - a potion of invisibility
 x - a potion of might {unknown}
 z - 3 potions of haste {unknown}
 A - 3 potions of ambrosia {unknown}
 C - a potion of cancellation {unknown}
 D - a potion of magic {unknown}
Comestibles
 f - 12 rations


   Skills:
 - Level 2.7 Fighting
 * Level 6.2 Short Blades
 - Level 2.7 Throwing
 + Level 4.1 Dodging
 + Level 8.6 Stealth
 - Level 4.0 Shields


You had 7 spell levels left.
You didn't know any spells.
Your spell library was empty.

Dungeon Overview and Level Annotations

Branches:
Dungeon (7/15)
 Temple: D:4-7

Altars:
Fedhas
Hepliaklqana

Shops:
D:5 [


Innate Abilities, Weirdness & Mutations

You cannot wear most types of armour.
You are very stealthy in the water. (Stealth+)
You are amphibious.
You can wear up to eight rings at the same time.
You can use your tentacles to constrict eight enemies at once.
Your skin changes colour to match your surroundings (Stealth+).
Your rubbery body absorbs attacks. (AC +1, EV +1)
You possess an exceptional clarity of mind.
Your muscles are strong. (Str +2)


Message History

You kill the bullfrog!
You block the quokka's attack.
You catch the helpless orc wizard completely off-guard!
You impale the orc wizard!!
You kill the orc wizard!
The quokka barely misses you.
You catch the helpless quokka completely off-guard!
You impale the quokka!!
You kill the quokka!
You miss the killer bee zombie. Your grab misses the killer bee zombie.
You squeeze the killer bee zombie.
The killer bee zombie is lightly damaged.
The killer bee zombie closely misses you.
You closely miss the killer bee zombie. You grab the killer bee zombie.
You squeeze the killer bee zombie.
The killer bee zombie is moderately damaged.
You constrict the killer bee zombie. The killer bee zombie hits you.
* * * LOW HITPOINT WARNING * * *
The killer bee zombie hits you.
You die... ########## #)@†.F.... #Z#######. #. #. #. #. #. #.

You could see a bullfrog (sleeping) and a killer bee zombie.

Vanquished Creatures
  Menkaure (D:4)
  5 ogres
  A centaur (D:4)
  2 bullfrogs
  A scorpion (D:4)
  A wight (D:6)
  A quasit (D:3)
  A crimson imp (D:3)
  An iguana (D:4)
  Jessica (D:3)
  Terence (D:2)
  An orc wizard (D:7)
  A worker ant (D:4)
  A hound skeleton (D:5)
  6 gnolls
  11 adders
  An ooze (D:3)
  An adder skeleton (D:6)
  An adder zombie (D:6)
  5 worms
  A dart slug (D:1)
  3 leopard geckos
  12 orcs
  A ball python (D:2)
  2 giant cockroaches
  6 goblins
  9 hobgoblins
  3 jackals (D:1)
  A kobold (D:2)
  A quokka (D:7)
  6 bats
  9 frilled lizards
  9 rats
107 creatures vanquished.

Notes
Turn   | Place    | Note
-------+----------+-------------------------------------------
     0 | D:1      | xeno23 the Octopode Assassin began the quest for the Orb.
     0 | D:1      | Reached XP level 1. HP: 14/14 MP: 1/1
    65 | D:1      | Reached XP level 2. HP: 18/19 MP: 2/2
   387 | D:1      | Reached XP level 3. HP: 24/24 MP: 3/3
   672 | D:2      | You fall through a shaft for 2 floors!
   687 | D:4      | Reached skill level 6 in Stealth
   733 | D:4      | Noticed a centaur
   827 | D:4      | Killed a centaur
   827 | D:4      | Reached skill level 1 in Shields
   827 | D:4      | Reached XP level 4. HP: 30/30 MP: 4/4
   827 | D:4      | Reached XP level 5. HP: 35/35 MP: 5/5
   877 | D:4      | Noticed an ogre
   891 | D:4      | Killed an ogre
   898 | D:4      | Reached XP level 6. HP: 31/41 MP: 6/6
   968 | D:4      | Noticed Menkaure
  1577 | D:2      | Noticed Terence
  1584 | D:2      | Killed Terence
  2169 | D:3      | Noticed Jessica
  2282 | D:3      | Killed Jessica
  2315 | D:3      | Found a hazy altar of Hepliaklqana.
  2424 | D:3      | Reached skill level 7 in Stealth
  2487 | D:3      | Reached XP level 7. HP: 26/45 MP: 7/7
  3042 | D:4      | Killed Menkaure
  3123 | D:4      | Found a blossoming altar of Fedhas.
  3302 | D:5      | Entered Level 5 of the Dungeon
  3499 | D:5      | Reached skill level 5 in Short Blades
  3999 | D:5      | Reached XP level 8. HP: 45/51 MP: 8/8
  4187 | D:5      | Found Judomp's Armour Emporium.
  4415 | D:6      | Reached skill level 8 in Stealth
  4489 | D:4      | HP: 2/51 [orc/+0 hand axe (6)]
  4796 | D:6      | HP: 2/51 [ogre/+0 giant club (29)]
  4797 | D:6      | Gained mutation: You possess an exceptional clarity of
                  | mind. [potion of mutation]
  4797 | D:6      | Gained mutation: Your muscles are strong. (Str +2) [potion
                  | of mutation]
  4811 | D:7      | Slain by a killer bee zombie

Levels and vault maps discovered:
D:1:      ncdulo_watergridlock, layout_basic
D:2:      layout_basic, uniq_terence
D:3:      layout_rooms, nicolae_overflow_crystal_walls, st_stairs_12,
          supply_closet_lemuel, uniq_jessica
D:4:      layout_cave_pools, fedhas_altar_fruit_tree, first_ration,
          grunt_ministairs_6, minmay_misc_feat_ornament, kennysheep_potato,
          uniq_menkaure
D:5:      layout_basic, serial_shops, shop
D:6:      layout_gridville, lemuel_doored_altar
D:7:      layout_loops_ring, zin_statuary, gammafunk_temple_overflow_wave,
          minmay_temple_entry_ruins, uniq_pikel

Skill      XL: |  1  2  3  4  5  6  7  8 |
---------------+-------------------------+-----
Stealth        | 6 7 8 |  8.6
Short Blades   | 3 4 5 6 |  6.2
Shields        | 1 2 3 4 |  4.0
Dodging        | 2 3 4 |  4.1
Fighting       | |  2.7
Throwing       | |  2.7

Action                   |  1- 3 |  4- 6 |  7- 9 || total
-------------------------+-------+-------+-------++-------
Melee: Dagger            |    43 |    98 |    99 ||   240
       Constrict         |    11 |    22 |    24 ||    57
       Tentacles         |     6 |    18 |    24 ||    48
 Fire: Blowgun           |       |     9 |    18 ||    27
Evoke: Wand              |       |       |     4 ||     4
  Use: Scroll            |     1 |     1 |       ||     2
       Potion            |       |       |     3 ||     3
 Stab: Sleeping          |    12 |    11 |     6 ||    29
       Invisible         |       |       |     3 ||     3
  Eat: Chunk             |       |     5 |    12 ||    17
       Ration            |       |       |     1 ||     1
Armor: Skin              |     3 |     4 |     3 ||    10
Dodge: Dodged            |    17 |    61 |    67 ||   145
Block: Buckler           |     1 |    15 |    13 ||    29

Table legend:
 A = Non-vault XP
 B = Vault XP
 C = Vault XP percentage of total XP
 D = Non-vault monster count
 E = Vault monster count
 F = Vault count percentage of total count
                 A         B        C        D         E       F
            +---------+---------+-------+---------+---------+-------
      Total |    1506 |     362 |  19.4 |     102 |       5 |   4.7
            +---------+---------+-------+---------+---------+-------
        D:1 |      36 |       0 |   0.0 |      23 |       0 |   0.0
        D:2 |      99 |      36 |  26.7 |      23 |       1 |   4.2
        D:3 |     198 |      39 |  16.5 |      25 |       2 |   7.4
        D:4 |     431 |     287 |  40.0 |      12 |       2 |  14.3
        D:5 |     277 |       0 |   0.0 |       8 |       0 |   0.0
        D:6 |     334 |       0 |   0.0 |       8 |       0 |   0.0
        D:7 |     131 |       0 |   0.0 |       3 |       0 |   0.0
            +---------+---------+-------+---------+---------+-------
